 Dungeon Crawl Stone Soup version 0.30.1-3-gfc49f6343a (webtiles) character file.

Game seed: 547018398449622718

1358 Krazlmac the Grappler (level 8, -4/67 HPs)
             Began as a Green Draconian Berserker on July 20, 2023.
             Was a Priest of Trog (penitent).
             Slain by a polar bear (9 damage)
             ... created by the rage of Trog
             ... on level 6 of the Dungeon.
             The game lasted 00:14:50 (4583 turns).

Krazlmac the Grappler (Green Draconian Berserker)   Turns: 4583, Time: 00:14:51

Health: -4/67      AC:  6    Str: 22    XL:     8   Next: 37%
Magic:  8/8        EV: 13    Int:  8    God:    Trog [***...]
Gold:   443        SH:  0    Dex: 10    Spells: 4/7 levels left

rFire   . .          .
                       - Unarmed
rCold   . . .        b - orb {light}
rNeg    . . .        (body armour unavailable)
rPois   +            (helmet restricted)
rElec   .            (no cloak)
rCorr   .            (no gloves)
SInv    .            (no boots)
Will    .....        (no amulet)
Stlth   +            (no ring)
HPRegen 0.31/turn    (no ring)
MPRegen 0.11/turn

%: no passive effects
@: confused, short of breath, glowing
A: breathe noxious fumes, AC +6, unfitting armour, poison resistance,
cold-blooded
a: Breathe Noxious Fumes, Renounce Religion


You were on level 6 of the Dungeon.
You worshipped Trog.
Trog was demanding penance.
You visited 1 branch of the dungeon, and saw 6 of its levels.

You collected 443 gold pieces.

Inventory:

Missiles
 f - 23 poisoned darts (quivered)
 j - a throwing net
Armour
 b - an orb of light (worn)
 e - the +0 pair of boots "Istrenyp" {rF- Int+3 SInv}
   (You found it on level 3 of the Dungeon)

   Int:       It affects your intelligence (+3).
   rF:        It makes you vulnerable to fire.
   SInv:      It lets you see invisible.
Wands
 g - a wand of roots (3)
 i - a wand of paralysis (2)
Scrolls
 l - a scroll of enchant armour
Potions
 a - 4 potions of brilliance
 d - 3 potions of curing


   Skills:
 + Level 4.5 Fighting
 + Level 5.2 Dodging
 + Level 1.9 Stealth
 + Level 8.9 Unarmed Combat


You had 4 spell levels left.
You knew the following spells:

 Your Spells              Type           Power      Damage    Failure   Level
a - Mephitic Cloud        Conj/Pois/Air  0%         N/A       78%         3

Your spell library contained the following spells:

 Spells                   Type           Power      Damage    Failure   Level
 Magic Dart               Conj           0%         1d3       41%         1
 Call Imp                 Summ           0%         N/A       54%         2
 Dazzling Flash           Conj/Hex       0%         N/A       78%         3
 Volatile Blastmotes      Fire/Tloc      0%         2d10      78%         3
 Iskenderun's Mystic Bla  Conj/Tloc      0%         2d3       99%         4
 Summon Ice Beast         Ice/Summ       0%         N/A       99%         4
 Summon Mana Viper        Hex/Summ       0%         N/A       100%        5
 Starburst                Conj/Fire      0%         6d3       100%        6
 Monstrous Menagerie      Summ           0%         N/A       100%        7


Dungeon Overview and Level Annotations

Branches:
Dungeon (6/15)
 Temple: D:4-7

Altars:
Fedhas

Shops:
D:5 [


Innate Abilities, Weirdness & Mutations

You can breathe blasts of noxious fumes.
Your lurid green scales are hard. (AC +6)
You cannot fit into any form of body armour.
Your system is resistant to poisons. (rPois)
You are cold-blooded and may be slowed by cold attacks.


Message History

The ogre is engulfed in noxious fumes.
The ogre appears confused.
The goblin hits you but does no damage. The goblin hits you with a +0 dagger.
There is an open door here.
You see here a +0 club.
You punch the goblin!
You kill the goblin!
Trog accepts your kill.
The ogre is engulfed in noxious fumes.
The goblin hits you but does no damage. The goblin misses you.
The goblin misses you.
The goblin hits you with a +0 dagger. x2
Items here: ( )) ††.
You hit the goblin.
You kill the goblin!
Trog accepts your kill. Trog sends monsters to punish you.
The divine experience confuses you!
You are confused. 3 polar bears and 2 black bears come into view.
You bump into the rock wall.
The goblin barely misses you. x2
The ogre misses you.
You bump into the rock wall.
The goblin misses you. x2
The black bear bites you! The black bear claws you. x2
The polar bear closely misses you.
The polar bear claws you but does no damage.
The polar bear barely misses you.
The polar bear rages.
Okay, then.
You closely miss the polar bear.
Your tail-slap misses the polar bear.
The black bear bites you! The black bear claws you. x2
The polar bear closely misses you. x3
The polar bear bites you but does no damage.
The polar bear claws you but does no damage.
The polar bear closely misses you.
The ogre barely misses the black bear.
The ogre hits itself with a +0 giant spiked club!
The goblin barely misses you.
You hit the ogre. You tail-slap the ogre.
The ogre is severely wounded.
The polar bear bites you!!
* * * LOW HITPOINT WARNING * * *
The polar bear barely misses you. The polar bear closely misses you.
The polar bear bites you!
You die...

####### #.....###
#......h#
#....##h## ###
#....#O@g# ...#
#....#hhh# ....#
#....#.g.#
.....#####....#####
........##.....#
........##.....#
........##..#.##
...........##.#
.....##.......#


You could see 3 polar bears, 2 black bears, an ogre (confused) and 2 goblins.

Vanquished Creatures
  A black bear (D:6)
  2 ice beasts (D:6)
  A phantom (D:5)
  A kobold brigand (D:6)
  3 scorpions
  5 wights (D:4)
  A hound (D:5)
  3 jellies
  2 orc priests
  An iguana (D:6)
  Ijyb (D:4)
  7 adders
  4 gnolls (D:5)
  A river rat (D:5)
  A shadow imp (D:6)
  2 white imps
  2 ufetubi (D:6)
  4 worms (D:5)
  3 dart slugs
  15 orcs
  5 bats
  3 endoplasms (D:1)
  5 giant cockroaches
  12 goblins
  5 hobgoblins
  12 jackals
  A quokka (D:4)
  11 ball pythons
  2 frilled lizards
  15 kobolds
  7 rats
138 creatures vanquished.

Notes
Turn   | Place    | Note
-------+----------+-------------------------------------------
     0 | D:1      | Krazlmac the Draconian Berserker began the quest for the
                  | Orb.
     0 | D:1      | Reached XP level 1. HP: 19/19 MP: 1/1
   453 | D:1      | Reached XP level 2. HP: 18/26 MP: 2/2
   994 | D:2      | Reached ** piety under Trog
  1007 | D:2      | Reached XP level 3. HP: 31/31 MP: 3/3
  1140 | D:2      | Reached skill level 4 in Unarmed Combat
  1390 | D:2      | Reached XP level 4. HP: 38/40 MP: 4/4
  1415 | D:2      | Found a faded altar of an unknown god.
  1860 | D:3      | Identified the +0 pair of boots "Istrenyp" {rF- Int+3 SInv}
  2101 | D:4      | Reached skill level 5 in Unarmed Combat
  2101 | D:4      | Reached XP level 5. HP: 29/46 MP: 5/5
  2141 | D:4      | Found a blossoming altar of Fedhas.
  2182 | D:4      | Reached XP level 6. HP: 10/52 MP: 6/6
  2348 | D:4      | Reached skill level 6 in Unarmed Combat
  2562 | D:4      | Noticed Ijyb
  2571 | D:4      | Killed Ijyb
  2575 | D:4      | Reached skill level 1 in Stealth
  2575 | D:4      | Your scales start taking on a lurid green colour.
  2575 | D:4      | Reached XP level 7. HP: 59/59 MP: 7/7
  2575 | D:4      | Gained mutation: Your system is resistant to poisons.
                  | (rPois) [Green Draconian growth]
  2758 | D:4      | Reached *** piety under Trog
  2882 | D:5      | Entered Level 5 of the Dungeon
  3121 | D:5      | Reached skill level 7 in Unarmed Combat
  3588 | D:5      | Found Ochu's Armour Emporium.
  4104 | D:6      | Reached skill level 8 in Unarmed Combat
  4112 | D:6      | Reached XP level 8. HP: 66/66 MP: 8/8
  4148 | D:6      | Reached skill level 5 in Dodging
  4288 | D:6      | Was placed under penance by Trog
  4292 | D:6      | Learned a level 3 spell: Mephitic Cloud
  4580 | D:6      | Noticed a polar bear
  4580 | D:6      | Noticed a polar bear
  4580 | D:6      | Noticed a polar bear
  4583 | D:6      | Slain by a polar bear

Illustrated notes

Levels and vault maps discovered:
D:1:      shiori_arrival_maze, layout_loops_corners
D:2:      layout_basic, ebering_ecumenical_altar_petrified
D:3:      layout_rooms
D:4:      layout_rooms, fedhas_altar_2, minivault_19, uniq_ijyb
D:5:      layout_loops_ring, serial_shops, nicolae_shop_back_alley_shop,
          gup_sewer_entry_spiral, minmay_misc_feat_cross, patterned_corridor
D:6:      layout_rooms, worldfamousw_hep_ancestral_shrine, minmay_ogre_servants

Skill      XL: |  1  2  3  4  5  6  7  8 |
---------------+-------------------------+-----
Dodging        | 3 4 5 |  5.2
Unarmed Combat | 4 5 6 8 |  8.9
Fighting       | 4 |  4.5
Stealth        | 1 |  1.9

Action                     |  1- 3 |  4- 6 |  7- 9 || total
---------------------------+-------+-------+-------++-------
  Melee: Unarmed           |   126 |   104 |   146 ||   376
         Tailslap          |    10 |    19 |    22 ||    51
         Punch             |     1 |       |       ||     1
 Invoke: Berserk           |     1 |     4 |     2 ||     7
         Trog's Hand       |       |     4 |     2 ||     6
Ability: Breathe Noxious F |       |       |     5 ||     5
    Use: Scroll            |     5 |     5 |     5 ||    15
         Potion            |     2 |     1 |     3 ||     6
 Armour: Skin              |    40 |    35 |    63 ||   138
  Dodge: Dodged            |    85 |    93 |   117 ||   295
